 Dungeon Crawl Stone Soup version 0.28.0-43-g3370ac3207 (webtiles) character file.

Game seed: 16792484088854367022

879 raph the Spear-Bearer (level 8, -2/58 HPs)
             Began as a Merfolk Berserker on Mar 28, 2022.
             Was a Priest of Trog.
             Splashed by a jelly's acid (5 damage)
             ... on level 5 of the Dungeon.
             The game lasted 00:06:05 (5389 turns).

raph the Spear-Bearer (Merfolk Berserker)           Turns: 5389, Time: 00:06:06

Health: -2/58      AC: -5    Str: 17    XL:     8   Next: 4%
Magic:  8/8        EV:  7    Int:  7    God:    Trog [***...]
Gold:   155        SH:  5    Dex: 15    Spells: 7/7 levels left

rFire   . . .      SeeInvis +   a - +1 spear
rCold   . . .      Faith    .   b - +2 buckler of the Great Game {Will+ SInv}
rNeg    . . .      Spirit   .   k - +0 chain mail
rPois   .          Reflect  .   (no helmet)
rElec   .          Harm     .   i - +1 cloak
rCorr   .          Rampage  .   (no gloves)
Will    +....                   (no boots)
Stlth   ..........              (no amulet)
HPRegen 0.19/turn               (no ring)
MPRegen 0.11/turn               (no ring)

@: corroded
A: (nimble swimmer 2), mertail
a: Renounce Religion, Berserk, Trog's Hand


You were on level 5 of the Dungeon.
You worshipped Trog.
Trog was most pleased with you.
You visited 1 branch of the dungeon, and saw 5 of its levels.

You collected 155 gold pieces.

Inventory:

Hand Weapons
 a - a +1 spear (weapon)
 l - a +0 halberd
Missiles
 e - 2 boomerangs (quivered)
 m - 4 poisoned darts
Armour
 b - the +2 buckler of the Great Game (worn) {Will+ SInv}
   (You acquired it on level 4 of the Dungeon)

   SInv:      It lets you see invisible.
   Will:      It increases your willpower.
 h - a +0 buckler
 i - a +1 cloak (worn)
 k - a +0 chain mail (worn)
Scrolls
 d - 3 scrolls of enchant weapon
 g - 2 scrolls of teleportation
Potions
 c - 2 potions of curing {unknown}
 f - 2 potions of flight {unknown}
 j - a potion of lignification {unknown}
 n - a potion of berserk rage {unknown}
 o - 3 potions of heal wounds {unknown}


   Skills:
 - Level 3.2 Fighting
 + Level 13.1 Polearms
 - Level 1.3 Armour
 - Level 2.6 Dodging


You had 7 spell levels left.
You didn't know any spells.
Your spell library was empty.

Dungeon Overview and Level Annotations

Branches:
Dungeon (5/15)
 Temple: D:4-7

Altars:
Yredelemnul
The Shining One

Annotations:
D:3 3 runed translucent doors, sking99's ghost, weakling DsGl
D:4 1 runed translucent door


Innate Abilities, Weirdness & Mutations

((You are very nimble when in or above water. (Stealth+, EV+, Speed+++)))
Your lower body shifts to a powerful aquatic tail in water.


Message History

You hit the jelly. The acid corrodes you!
Your hands burn!
The jelly is severely wounded.
The jelly barely misses you.
You hit the jelly.
Your hands burn!
The jelly is severely wounded.
You hit the jelly. The acid corrodes you!
Your hands burn!
The jelly is severely wounded.
You block the jelly's attack.
You hit the jelly but do no damage. The acid corrodes you!
Your hands burn!
The jelly is severely wounded.
You barely miss the jelly.
The jelly is severely wounded.
The jelly hits you. The acid corrodes you!
You are splashed with acid!
You are too injured to fight recklessly!
You are too injured to fight recklessly!
You are too injured to fight recklessly!
You are too injured to fight recklessly!
You are too injured to fight recklessly!
You are too injured to fight recklessly!
You are too injured to fight recklessly!
You are too injured to fight recklessly!
You are too injured to fight recklessly!
You are too injured to fight recklessly!
You are too injured to fight recklessly!
You are too injured to fight recklessly!
You are too injured to fight recklessly!
You are too injured to fight recklessly!
You are too injured to fight recklessly!
You are too injured to fight recklessly!
You hit the jelly but do no damage.
Your hands burn!
The jelly is severely wounded.
You hit the jelly but do no damage.
Your hands burn!
* * * LOW HITPOINT WARNING * * *
The jelly is severely wounded.
The jelly hits you.
* * * LOW HITPOINT WARNING * * *
The acid corrodes you!
You are splashed with acid!
* * * LOW HITPOINT WARNING * * *
You hit the jelly but do no damage.
Your hands burn!
You die...

#.......##'###...## #
'.......'.........# .. ###+
#.......#.........#... #...
#.......#.........'... #...
#.......######...###'### #...
........#. #...# .... #...
........+...##...# ..... #...
........#........#...... #...
........#.......@J...... #...
........#........#...... #..)
........#+########......######...
####....................#........
...#....................#...##...
...#....................#...##...
...'....................#........
...#....................######...
####..).................#...##...


You could see a jelly.

Vanquished Creatures
  A black bear (D:4)
  A necrophage (D:5)
  A centaur (D:5)
  A scorpion (D:5)
  2 water moccasin zombies (D:5)
  A bullfrog zombie (D:5)
  A hound (D:5)
  Crazy Yiuf (D:2)
  Jessica (D:3)
  A centaur skeleton (D:4)
  3 orc wizards
  An iguana (D:5)
  A hound zombie (D:5)
  4 gnolls (D:3)
  4 adders
  An adder skeleton (D:4)
  2 worms
  A dart slug (D:1)
  4 orcs
  13 ball pythons
  8 bats
  3 endoplasms
  3 giant cockroaches
  5 goblins
  14 hobgoblins
  12 jackals
  9 kobolds
  6 quokkas
  8 frilled lizards
  2 goblin skeletons (D:4)
  7 rats
122 creatures vanquished.

Notes
Turn   | Place    | Note
-------+----------+-------------------------------------------
     0 | D:1      | raph the Merfolk Berserker began the quest for the Orb.
     0 | D:1      | Reached XP level 1. HP: 18/18 MP: 1/1
   103 | D:1      | Reached skill level 5 in Polearms
   106 | D:1      | Reached XP level 2. HP: 23/24 MP: 2/2
   528 | D:1      | Found a faded altar of an unknown god.
   619 | D:1      | Reached skill level 6 in Polearms
   619 | D:1      | Reached XP level 3. HP: 29/29 MP: 3/3
   622 | D:1      | Reached ** piety under Trog
  1438 | D:2      | Found a runed translucent door.
  1439 | D:2      | Noticed Crazy Yiuf
  1446 | D:2      | Killed Crazy Yiuf
  1447 | D:2      | Reached skill level 7 in Polearms
  1447 | D:2      | Reached XP level 4. HP: 35/35 MP: 4/4
  1537 | D:2      | Found a glowing golden altar of the Shining One.
  2129 | D:3      | Noticed sking99's ghost (weakling DsGl)
  2154 | D:3      | Noticed Jessica
  2159 | D:3      | Killed Jessica
  2160 | D:3      | Reached skill level 8 in Polearms
  2160 | D:3      | Reached XP level 5. HP: 41/41 MP: 5/5
  2761 | D:3      | Reached skill level 9 in Polearms
  2988 | D:3      | Found a runed translucent gate.
  2988 | D:3      | Found a runed translucent gate.
  2988 | D:3      | Found a runed translucent gate.
  3060 | D:3      | Reached *** piety under Trog
  3259 | D:3      | Reached XP level 6. HP: 42/47 MP: 6/6
  3383 | D:4      | Found a runed translucent door.
  3383 | D:4      | Noticed a human
  3386 | D:4      | Found a basalt altar of Yredelemnul.
  3405 | D:4      | Noticed a black bear
  3427 | D:4      | Killed a black bear
  3428 | D:4      | Reached skill level 10 in Polearms
  3802 | D:4      | Identified a scroll of acquirement
  3802 | D:4      | Acquired the +2 buckler of the Great Game {Will+ SInv}
  4146 | D:5      | Entered Level 5 of the Dungeon
  4319 | D:5      | Reached XP level 7. HP: 52/52 MP: 7/7
  4326 | D:5      | Reached skill level 11 in Polearms
  4622 | D:5      | Reached skill level 12 in Polearms
  4888 | D:5      | Reached skill level 13 in Polearms
  4888 | D:5      | Reached XP level 8. HP: 58/58 MP: 8/8
  5389 | D:5      | Splashed by a jelly's acid

Illustrated notes

Levels and vault maps discovered:
D:1:      lemuel_arrival_funnel, layout_loops_ring,
          hellmonk_ecumenical_altar_crossroads, st_stairs_10
D:2:      layout_rooms, basic_altar, moated_statue, uniq_crazy_yiuf_cottage
D:3:      layout_basic, gammafunk_ghost_split, uniq_jessica
D:4:      layout_cave_pools, dk_yredelemnul_ordeal
D:5:      layout_gridville

Skill      XL: |  1  2  3  4  5  6  7 |
---------------+----------------------+-----
Polearms       | 5 6 7 8 9 10 13 | 13.1
Fighting       | |  3.2
Armour         | |  1.3
Dodging        | |  2.6

Action                   |  1- 3 |  4- 6 |  7- 9 || total
-------------------------+-------+-------+-------++-------
Melee: Spear             |   113 |   285 |   110 ||   508
Throw: Boomerang         |       |     5 |       ||     5
       Dart              |       |     2 |       ||     2
Invok: Berserk           |     3 |     8 |     4 ||    15
  Use: Scroll            |       |     5 |     2 ||     7
 Stab: Sleeping          |     2 |     1 |       ||     3
Armor: Animal skin       |     9 |     7 |       ||    16
       Chain mail        |       |    58 |    24 ||    82
Dodge: Dodged            |    43 |    87 |    13 ||   143
Block: Buckler           |       |    23 |    16 ||    39
